 Dungeon Crawl Stone Soup version 0.23.2-1-ga50397a6bc (webtiles) character file.

Game seed: 1818656238289063555

52430 FluffierThanThou the Blocker (level 14, -1/198 HPs)
             Began as a Minotaur Fighter on May 23, 2019.
             Was a High Priest of Okawaru.
             Succumbed to a spiny frog's poison
             ... on level 6 of the Lair of Beasts.
             The game lasted 00:49:59 (17780 turns).

FluffierThanThou the Blocker (Minotaur Fighter)    Turns: 17780, Time: 00:50:00

Health: -1/198     AC: 17    Str: 29    XL:     14   Next: 27%
Magic:  16/20      EV: 15    Int:  5    God:    Okawaru [*****.]
Gold:   1253       SH: 16    Dex: 15    Spells: 13/13 levels left

rFire    + + .     SeeInvis +   a - +4 scimitar (flame)
rCold    + + .     Gourm    +   c - +0 shield
rNeg     + . .     Faith    .   R - +0 scale mail of the Shore {rElec rF+ rC+ rN+}
rPois    .         Spirit   .   B - +1 hat
rElec    +         Reflect  .   T - scarf {rC+ rF+}
rCorr    .         Harm     .   Z - +2 pair of gloves {Dex+3}
MR       +....                  L - +0 pair of boots {Stlth+}
Stlth    ..........             D - amulet of the gourmand
HPRegen  0.43/turn              d - +1 ring of evasion
MPRegen  0.17/turn              g - ring of see invisible

@: berserking (expiring), lethally poisoned (-1 -> -17), heroism, very quick
A: retaliatory headbutt, horns 2
a: Heroism, Finesse, Renounce Religion


You were on level 6 of the Lair of Beasts.
You worshipped Okawaru.
Okawaru was extremely pleased with you.
You were completely stuffed.

You visited 3 branches of the dungeon, and saw 19 of its levels.
You also visited: Bailey.

You collected 1469 gold pieces.
You spent 216 gold pieces at shops.

Inventory:

Hand Weapons
 a - a +4 scimitar of flaming (weapon)
   (You took it off Erica on level 8 of the Dungeon)
 b - the +11 hand crossbow of the Owl {penet, Stlth+}
   (You found it on level 11 of the Dungeon)

   Ammo fired by it will pass through the targets it hits, potentially hitting
   all targets in its path until it reaches maximum range.
   It makes you more stealthy.
Missiles
 C - a throwing net (quivered) {!f}
 J - 120 bolts
Armour
 c - a +0 shield (worn)
 B - a +1 hat (worn)
   (You found it on level 5 of the Lair of Beasts)
 L - a +0 pair of boots of stealth (worn)
   (Okawaru gifted it to you on level 4 of the Lair of Beasts)
 O - a +0 shield of positive energy
   (Okawaru gifted it to you on level 6 of the Lair of Beasts)
 R - the +0 scale mail of the Shore (worn) {rElec rF+ rC+ rN+}
   (You found it on level 11 of the Dungeon)

   It protects you from fire.
   It protects you from cold.
   It insulates you from electricity.
   It protects you from negative energy.
 T - a scarf of resistance (worn)
   (You found it on level 11 of the Dungeon)
 Z - a +2 pair of gloves of dexterity (worn)
   (Okawaru gifted it to you on level 1 of the Lair of Beasts)
Jewellery
 d - a +1 ring of evasion (left hand)
   (You found it on level 1 of the Lair of Beasts)
 g - a ring of see invisible (right hand)
   (You found it on level 7 of the Dungeon)
 D - an amulet of the gourmand (around neck)
   (You found it on level 4 of the Lair of Beasts)
 E - an uncursed ring of protection from magic
   (You took it off an orc on level 8 of the Dungeon)
Wands
 k - a wand of polymorph (11)
   (You found it on level 2 of the Lair of Beasts)
 r - a wand of iceblast (9)
   (You found it on level 5 of the Lair of Beasts)
 H - a wand of digging (4)
   (You found it on level 9 of the Dungeon)
 S - a wand of paralysis (12)
   (You found it on level 10 of the Dungeon)
 V - a wand of acid (7)
   (You found it on level 3 of the Lair of Beasts)
Scrolls
 i - 3 scrolls of fear
 n - 7 scrolls of teleportation {unknown}
 o - 4 scrolls of amnesia
 q - a scroll of blinking {unknown}
 u - 3 scrolls of immolation {unknown}
 w - 3 scrolls of remove curse {@r2}
 x - a scroll of enchant weapon
 y - 2 scrolls of identify {@r1}
 z - 2 scrolls of magic mapping
 F - 2 scrolls of acquirement
 G - 2 scrolls of fog {unknown}
 I - 4 scrolls of enchant armour
 W - a scroll of brand weapon
 X - a scroll of holy word
Potions
 f - 6 potions of mutation {unknown}
 h - 2 potions of degeneration {unknown}
 j - 4 potions of berserk rage
 l - 16 potions of curing {@q1}
 p - 2 potions of invisibility {unknown}
 s - 2 potions of brilliance {unknown}
 t - 2 potions of ambrosia {unknown}
 v - 3 potions of lignification {unknown}
 A - 3 potions of agility {unknown}
 K - 2 potions of flight {unknown}
 M - a potion of might
 N - a potion of experience {unknown}
 Y - a potion of cancellation {unknown}
Comestibles
 e - 35 rations {!d}
 P - 16 chunks of flesh


   Skills:
 + Level 14.1(19.1) Fighting
 + Level 11.2(16.2) Long Blades
 * Level 10.7(15.7) Crossbows
 + Level 11.5(16.5) Armour
 + Level 14.1(19.1) Shields
 - Level 10.0 Invocations


You had 13 spell levels left.
You didn't know any spells.
Your spell library contained the following spells:

 Spells                   Type           Power        Failure   Level  Hunger
 Confusing Touch          Hex            #.....       65%         1    ##.....
 Shock                    Conj/Air       #...         65%         1    ##.....
 Poisonous Vapours        Pois/Air       #.....       80%         2    ###....
 Swiftness                Chrm/Air       #.......     80%         2    ###....
 Confuse                  Hex            #.......     95%         3    ####...
 Conjure Flame            Conj/Fire      #.......     95%         3    ####...
 Gell's Gravitas          Tloc           #.........   95%         3    ####...
 Mephitic Cloud           Conj/Pois/Air  #.......     95%         3    ####...
 Static Discharge         Conj/Air       #.......     95%         3    ####...
 Airstrike                Air            #.........   100%        4    #####..
 Petrify                  Tmut/Erth      #.......     100%        4    #####..
 Lightning Bolt           Conj/Air       #.........   100%        5    ######.
 Metabolic Englaciation   Hex/Ice        #.........   100%        5    ######.
 Yara's Violent Unravell  Hex/Tmut       #.........   100%        5    ######.
 Freezing Cloud           Conj/Ice/Air   #.........   100%        6    #######
 Ring of Flames           Chrm/Fire      #.........   100%        7    #######


Dungeon Overview and Level Annotations

Branches:
Dungeon (12/15)            Temple (1/1) D:4            Lair (6/6) D:11
  Swamp (0/4) Lair:2        Snake (0/4) Lair:4          Orc (0/2) D:9
  Slime: Lair:5-6

Altars:
Ashenzari
Cheibriados
Dithmenos
Elyvilon
Fedhas
Gozag
Hepliaklqana
Kikubaaqudgha
Makhleb
Nemelex Xobeh
Okawaru
Qazlal
Ru
Sif Muna
Trog
Uskayaw
Vehumet
Wu Jian
Xom
Yredelemnul
Zin
The Shining One

Shops:
D:4 %}   D:5 !!   D:9 *


Innate Abilities, Weirdness & Mutations

You reflexively headbutt those who attack you in melee.
You have a pair of horns on your head.


Message History

* * * LOW HITPOINT WARNING * * *
You feel sick. You block the bullfrog's attack.
The blink frog croaks.
You slash the bullfrog! You burn the bullfrog.
You kill the bullfrog!
Okawaru accepts your kill.
* * * LOW HITPOINT WARNING * * *
You feel sick. The vampire mosquito bites you.
* * * LOW HITPOINT WARNING * * *
The spiny frog closely misses you.
You riposte.
You slice the spiny frog!! You burn the spiny frog.
You headbutt the spiny frog.
You kill the spiny frog!
Okawaru accepts your kill.
You slash the vampire mosquito! You burn the vampire mosquito.
* * * LOW HITPOINT WARNING * * *
You feel sick. The vampire mosquito misses you. You furiously retaliate!
You headbutt the vampire mosquito!!
You destroy the vampire mosquito!
Okawaru accepts your kill.
An elephant comes into view.
Your scale mail of the Shore prevents you from hitting the elephant.
* * * LOW HITPOINT WARNING * * *
You feel sick.
You slice the blink frog!! You burn the blink frog!
* * * LOW HITPOINT WARNING * * *
You feel sick. You block the elephant's attack.
The elephant trunk-slaps you but does no damage.
You slice the blink frog!! You burn the blink frog.
You kill the blink frog!
Okawaru accepts your kill.
* * * LOW HITPOINT WARNING * * *
You feel sick.
You are too berserk!
You are too berserk!
You are too berserk!
You are too berserk!
You are too berserk!
You slash the elephant! You burn the elephant. You headbutt the elephant!
* * * LOW HITPOINT WARNING * * *
You feel sick. You block the elephant's attack. The elephant barely misses you.
You slash the elephant! You burn the elephant. You headbutt the elephant!
A spiny frog comes into view.
Unknown command.
The spiny frog croaks.
You slice the elephant!! You burn the elephant.
You kill the elephant!
Okawaru accepts your kill.
* * * LOW HITPOINT WARNING * * *
You feel sick.
You die...

(≈≈≈## ##≈P.≈.## #.........
[≈≈P≈(##≈≈≈P..P######........
#≈≈≈†#≈≈≈......((..........
#≈≈≈P÷≈≈.F........†........
#≈P≈Y≈≈≈..≈...#.<..........
#.≈≈≈P≈≈P.....(............
#.(≈≈≈PY(.....$.P........##
##≈.≈≈≈≈.÷F..PP........PP#
#.PP≈≈≈.†@............P.#
#.≈≈≈P..†.÷..........P..##
##≈≈P.≈≈.†.÷....#..P.....P
#≈≈........†÷..........P.
#≈≈......................
##.≈.....[........†......
#≈..........P...........
#.)P.......PP#....P.....
####..P....(...........P


You could see 2 elephants, a spiny frog and a blink frog.

Vanquished Creatures
  Kirke (Lair:4)
  Snorg (D:10)
  A catoblepas (Lair:6)
  3 hydras
  A two-headed ogre (D:9)
  Erica (D:8)
  9 death yaks (Lair:5)
  An unseen horror (D:11)
  2 orc knights
  3 ugly things
  5 elephants
  2 manticores (D:12)
  3 black mambas
  Joseph (D:7)
  Maurice (D:8)
  A gargoyle (D:11)
  Psyche (D:8)
  20 spiny frogs
  A rime drake (Lair:2)
  5 komodo dragons
  2 trolls
  A queen bee (Lair:3)
  A tyrant leech (Lair:6)
  6 hippogriffs
  16 blink frogs
  3 steam dragons
  A wyvern (D:10)
  32 yaks
  2 humans (Lair:4)
  2 wraiths (D:10)
  Grum (D:8)
  3 hungry ghosts
  2 hogs (Lair:4)
  4 vampire mosquitoes (Lair:6)
  Menkaure (D:6)
  2 acid dragons
  4 nagas (Lair:4)
  Duvessa (D:7)
  5 porcupines
  9 water moccasins
  2 black bears
  4 ice beasts
  4 sky beasts
  A necrophage (D:8)
  11 orc warriors
  3 phantoms
  29 wolves
  5 ogres
  13 centaurs
  9 crocodiles
  A big kobold (D:10)
  18 bullfrogs
  Blork the orc (D:6)
  Dowan (D:7)
  A wyvern skeleton (D:12)
  4 scorpions
  29 killer bees
  4 wights (D:9)
  An electric eel (Lair:6)
  5 howler monkeys
  4 crimson imps
  4 bullfrog zombies
  15 orc wizards
  4 jellies
  4 hounds
  18 orc priests
  2 centaur skeletons
  2 bullfrog skeletons
  8 iguanas
  7 worker ants
  A hound zombie (D:10)
  2 hound skeletons
  A worker ant zombie (D:6)
  9 adders
  17 gnolls
  3 shadow imps
  An ooze (D:1)
  An adder zombie (D:8)
  3 worms
  6 leopard geckos
  40 orcs
  3 giant cockroaches
  8 goblins
  19 hobgoblins
  15 jackals
  6 quokkas
  4 ball pythons
  5 bats
  5 frilled lizards
  16 kobolds
  A leopard gecko skeleton (D:5)
  A quokka skeleton (D:6)
  7 rats
  A fungus (Lair:4)
  5 plants
555 creatures vanquished.

Vanquished Creatures (others)
  A spiny frog (Lair:6)
  2 dream sheep (Lair:6)
  A hippogriff (Lair:6)
  An orc priest (D:12)
  A butterfly (Lair:4)
  8 fungi
  20 plants
34 creatures vanquished.

Grand Total: 589 creatures vanquished

Notes
Turn   | Place    | Note
-------+----------+-------------------------------------------
     0 | D:1      | FluffierThanThou the Minotaur Fighter began the quest for
                  | the Orb.
     0 | D:1      | Reached XP level 1. HP: 19/19 MP: 0/0
    19 | D:1      | Reached XP level 2. HP: 27/27 MP: 1/1
   804 | D:2      | Reached XP level 3. HP: 24/33 MP: 2/2
  1510 | D:3      | Reached XP level 4. HP: 36/41 MP: 3/3
  1853 | D:4      | Found a staircase to the Ecumenical Temple.
  1865 | Temple   | Entered the Ecumenical Temple
  1954 | Temple   | Became a worshipper of Warmaster Okawaru
  2102 | D:4      | Reached XP level 5. HP: 46/47 MP: 4/4
  2122 | D:4      | Found Lotzooj's Gadget Shoppe.
  2141 | D:4      | Found Sadogull's Food Shop.
  2179 | D:4      | Reached skill level 5 in Fighting
  2179 | D:4      | Reached skill level 5 in Armour
  2179 | D:4      | Reached skill level 5 in Shields
  2246 | D:4      | Reached XP level 6. HP: 56/56 MP: 5/5
  2251 | D:4      | Reached skill level 1 in Invocations
  2265 | D:4      | Reached * piety under Okawaru
  2761 | D:4      | Found a snail-covered altar of Cheibriados.
  2874 | D:5      | Entered Level 5 of the Dungeon
  2928 | D:5      | Found Batorgh's Distillery.
  2936 | D:5      | Bought a potion of haste for 120 gold pieces
  2936 | D:5      | Bought a potion of curing for 36 gold pieces
  2936 | D:5      | Bought a potion of heal wounds for 60 gold pieces
  3038 | D:5      | Found Qeykoly's Distillery.
  3448 | D:5      | Reached XP level 7. HP: 49/61 MP: 7/7
  3866 | D:5      | Reached ** piety under Okawaru
  3866 | D:5      | Reached skill level 5 in Long Blades
  4364 | D:6      | Noticed Menkaure
  4373 | D:6      | Noticed Blork the orc
  4383 | D:6      | Killed Menkaure
  4383 | D:6      | Reached XP level 8. HP: 57/70 MP: 6/10
  4396 | D:6      | Killed Blork the orc
  5087 | D:7      | Noticed Duvessa
  5090 | D:7      | Noticed Dowan
  5113 | D:7      | Killed Duvessa
  5113 | D:7      | Reached skill level 5 in Invocations
  5137 | D:7      | Killed Dowan
  5151 | D:7      | Found a sparkling altar of Nemelex Xobeh.
  5428 | D:7      | Reached *** piety under Okawaru
  5434 | D:7      | Noticed Joseph
  5456 | D:7      | Killed Joseph
  5456 | D:7      | Reached XP level 9. HP: 50/79 MP: 10/12
  5830 | D:7      | Found a deep blue altar of Sif Muna.
  6316 | D:8      | Noticed Grum
  6337 | D:8      | Killed Grum
  6443 | D:8      | Reached **** piety under Okawaru
  6458 | D:8      | Noticed Psyche
  6466 | D:8      | Killed Psyche
  6606 | D:8      | Noticed Erica
  6627 | D:8      | Killed Erica
  6627 | D:8      | Reached XP level 10. HP: 76/90 MP: 12/14
  6748 | D:8      | Noticed Maurice
  6782 | D:8      | Killed Maurice
  6782 | D:8      | Reached ***** piety under Okawaru
  7215 | D:9      | Found a staircase to the Orcish Mines.
  7261 | D:9      | Noticed a two-headed ogre
  7299 | D:9      | Killed a two-headed ogre
  7476 | D:9      | Found Otweuk's Elemental Accessories.
  7556 | D:9      | Reached ****** piety under Okawaru
  7556 | D:9      | Reached XP level 11. HP: 99/99 MP: 15/15
  7793 | D:10     | Entered Level 10 of the Dungeon
  7822 | D:10     | Found a flagged portal.
  7834 | Bailey   | Entered a bailey
  7981 | Bailey   | Noticed an orc knight
  8086 | Bailey   | Killed an orc knight
  8086 | Bailey   | Reached skill level 10 in Armour
  8329 | D:10     | Reached skill level 10 in Fighting
  8329 | D:10     | Reached skill level 10 in Shields
  8404 | D:10     | Received a gift from Okawaru
  8450 | D:10     | Noticed a purple ugly thing
  8462 | D:10     | Killed a purple ugly thing
  8772 | D:10     | Noticed Snorg
  8786 | D:10     | Killed Snorg
  8786 | D:10     | Reached skill level 10 in Long Blades
  9751 | D:11     | Noticed an orc knight
  9762 | D:11     | Noticed a cyan ugly thing
  9771 | D:11     | Killed an orc knight
  9772 | D:11     | Noticed a cyan ugly thing
  9777 | D:11     | Killed a cyan ugly thing
  9785 | D:11     | Noticed an unseen horror
  9792 | D:11     | Killed an unseen horror
  9801 | D:11     | Killed a cyan ugly thing
 10105 | D:11     | Got a jewelled hand crossbow
 10211 | D:11     | Got a bloodstained scale mail
 10267 | D:11     | Reached XP level 12. HP: 72/108 MP: 15/17
 10275 | D:11     | Received a gift from Okawaru
 10294 | D:11     | Identified the +11 hand crossbow of the Owl {penet, Stlth+}
                  | (You found it on level 11 of the Dungeon)
 10302 | D:11     | Found a staircase to the Lair.
 10647 | D:11     | Reached skill level 1 in Crossbows
 11842 | D:12     | Identified the cursed +0 scale mail of the Shore {rElec rF+
                  | rC+ rN+} (You found it on level 11 of the Dungeon)
 12051 | Lair:1   | Entered Level 1 of the Lair of Beasts
 12083 | Lair:1   | Noticed a five-headed hydra
 12090 | Lair:1   | Killed a three-headed hydra
 12147 | Lair:1   | Reached skill level 5 in Crossbows
 12179 | Lair:1   | Received a gift from Okawaru
 12400 | Lair:1   | Noticed a five-headed hydra
 12404 | Lair:1   | Killed a five-headed hydra
 12422 | Lair:1   | You fall through a shaft!
 12429 | Lair:2   | Found a staircase to the Swamp.
 12430 | Lair:2   | Noticed a six-headed hydra
 12438 | Lair:2   | Killed a four-headed hydra
 12438 | Lair:2   | Reached skill level 10 in Invocations
 12985 | Lair:2   | Reached XP level 13. HP: 118/118 MP: 19/19
 13002 | Lair:2   | Identified a scroll of acquirement
 14589 | Lair:3   | Got a distressingly furry ring mail
 15308 | Lair:4   | Noticed Kirke
 15316 | Lair:4   | Killed Kirke
 15316 | Lair:4   | Received a gift from Okawaru
 15316 | Lair:4   | Received a gift from Okawaru
 15530 | Lair:4   | Received a gift from Okawaru
 15743 | Lair:4   | Received a gift from Okawaru
 15826 | Lair:4   | Reached skill level 10 in Crossbows
 15907 | Lair:4   | Found a staircase to the Snake Pit.
 16963 | Lair:5   | Identified the +1 ring mail of the Beggar {rPois Int+5}
                  | (You found it on level 3 of the Lair of Beasts)
 17156 | Lair:5   | Reached XP level 14. HP: 130/130 MP: 20/20
 17338 | Lair:5   | Found an iron altar of Okawaru.
 17613 | Lair:6   | Entered Level 6 of the Lair of Beasts
 17649 | Lair:6   | Received a gift from Okawaru
 17701 | Lair:6   | Received a gift from Okawaru
 17772 | Lair:6   | HP: 9/198 [poisoned by a spiny frog]
 17775 | Lair:6   | HP: 4/198 [poisoned by a spiny frog]
 17779 | Lair:6   | HP: 1/198 [poisoned by a spiny frog]
 17780 | Lair:6   | Succumbed to a spiny frog's poison

Skill      XL: |  1  2  3  4  5  6  7  8  9 10 11 12 13 14 |
---------------+-------------------------------------------+-----
Armour         | 4 5 6 7 8 9 11 | 11.5
Shields        | 4 5 6 7 8 9 11 12 13 14 | 14.1
Fighting       | 4 5 6 7 8 9 10 12 13 14 | 14.1
Long Blades    | 3 4 5 6 8 9 10 11 | 11.2
Invocations    | 2 4 5 6 7 9 10 | 10.0
Crossbows      | 7 10 | 10.7

Action                   |  1- 3 |  4- 6 |  7- 9 | 10-12 | 13-15 || total
-------------------------+-------+-------+-------+-------+-------++-------
Melee: Long sword        |   118 |   104 |   365 |       |       ||   587
       Headbutt          |    18 |    24 |    96 |   111 |    30 ||   279
       Scimitar          |       |       |       |   546 |   114 ||   660
 Fire: Hand crossbow     |       |       |       |   143 |   328 ||   471
Throw: Throwing net      |       |       |       |     1 |       ||     1
Invok: Heroism           |       |       |    11 |    20 |     4 ||    35
       Finesse           |       |       |       |     3 |     3 ||     6
 Abil: Evoke Berserk Rag |       |     1 |       |       |       ||     1
  Use: Potion            |       |     1 |     9 |     3 |     6 ||    19
       Scroll            |       |       |       |     3 |    10 ||    13
 Stab: Held in net/web   |       |       |       |     1 |       ||     1
  Eat: Chunk             |     2 |     6 |     5 |    20 |    23 ||    56
       Ration            |       |       |     2 |     1 |     2 ||     5
Armor: Scale mail        |    64 |    31 |    21 |    18 |    87 ||   221
       Chain mail        |       |       |   123 |   125 |       ||   248
       Plate armour      |       |       |       |    72 |       ||    72
Dodge: Dodged            |    40 |    32 |    77 |   167 |    99 ||   415
Block: Shield            |    59 |    58 |   216 |   380 |   198 ||   911
       Rpst.: Long sword |    12 |     5 |    22 |       |       ||    39
       Scimitar          |       |       |       |    35 |    23 ||    58
